 Dungeon Crawl Stone Soup version 0.28-a0-706-gf6f64a616a (webtiles) character file.

Game seed: 9542218829615603909

507 bande the Chopper (level 7, -4/44 HPs)
             Began as a Gargoyle Fighter on Oct 24, 2021.
             Slain by an ogre (20 damage)
             ... on level 4 of the Dungeon.
             The game lasted 00:06:33 (4867 turns).

bande the Chopper (Gargoyle Fighter)                Turns: 4867, Time: 00:06:33

Health: -4/44      AC:  4    Str: 20    XL:     7   Next: 18%
Magic:  7/7        EV: 11    Int:  9    God:
Gold:   170        SH:  4    Dex: 10    Spells: 6/6 levels left

rFire   . . .      SeeInvis .   k - +2 war axe (elec)
rCold   + . .      Faith    .   c - +0 buckler
rNeg    + . .      Spirit   .   (no armour)
rPois   ∞          Reflect  .   (no helmet)
rElec   +          Harm     .   (no cloak)
rCorr   .          Rampage  .   (no gloves)
Will    +....                   (no boots)
Stlth   +.........              (no amulet)
HPRegen 0.14/turn               j - ring of willpower
MPRegen 0.10/turn               u - ring of protection from cold

@: no status effects
A: sickness immunity, AC +4, negative energy resistance 1, electricity
resistance, torment resistance 1, petrification resistance
a: no special abilities


You were on level 4 of the Dungeon.
You visited 1 branch of the dungeon, and saw 4 of its levels.
You also visited: Sewer.

You collected 170 gold pieces.

Inventory:

Hand Weapons
 a - a +1 war axe
 k - a +2 war axe of electrocution (weapon)
 t - a +0 flail
Missiles
 q - a throwing net (quivered)
Armour
 c - a +0 buckler (worn)
 s - a +0 chain mail
Jewellery
 f - a ring of magical power
 i - a +6 ring of intelligence
 j - a ring of willpower (left hand)
 u - a ring of protection from cold (right hand)
Wands
 p - a wand of charming (6)
Scrolls
 h - a scroll of enchant weapon
 n - a scroll of teleportation
Potions
 d - a potion of might
 e - a potion of lignification {unknown}
 g - 2 potions of curing
 l - 2 potions of haste {unknown}
 m - 2 potions of heal wounds {unknown}
 o - a potion of attraction {unknown}
 r - a potion of berserk rage {unknown}


   Skills:
 + Level 4.5 Fighting
 + Level 5.1 Axes
 + Level 4.9 Armour
 + Level 4.2 Shields


You had 6 spell levels left.
You didn't know any spells.
Your spell library was empty.

Dungeon Overview and Level Annotations

Branches:
Dungeon (4/15)             Temple (0/1) D:4           Sewer (visited)

Altars:
Dithmenos
Hepliaklqana
Qazlal
The Shining One

Shops:
D:1 :


Innate Abilities, Weirdness & Mutations

You are immune to sickness and miasma.
Your stone body is resilient. (AC +4)
You are immune to poison.
You resist negative energy. (rN+)
You are resistant to electric shocks. (rElec)
You are resistant to unholy torment.
You are immune to petrification.


Message History

u - a ring of protection from cold (right hand)
Found an escape hatch in the ceiling.
Found an escape hatch in the floor.
Found a curved glowing staff.
You see here a staff of conjuration.
o - a scroll labelled DYMYCE RYGIA
As you read the scroll labelled DYMYCE RYGIA, it crumbles to dust.
You feel aware of your surroundings.
It was a scroll of magic mapping.
Found a leather armour.
Found a dagger.
o - a coppery potion
r - a silvery potion
Found a dagger.
You see here a +0 dagger.
You now have 170 gold pieces (gained 4).
Found a chain mail.
Found 14 gold pieces.
You see here a +0 chain mail.
s - a +0 chain mail Keep disrobing? [Y]es or [N]o only, please.
Keep disrobing? [Y]es or [N]o only, please.
Keep disrobing? [Y]es or [N]o only, please.
Keep disrobing?
You start removing your armour.
You continue taking off your +0 scale mail. x4
You finish taking off your +0 scale mail.
Drop what? 21/52 slots (_ for help) (? for menu, Esc to quit)
You drop a +0 scale mail.
You start putting on your armour.
You continue putting on your +0 chain mail.
The ogre hits you with a +0 giant club!
Keep equipping yourself?
You continue putting on your +0 chain mail. x2
The ogre hits you with a +0 giant club!!
You continue putting on your +0 chain mail.
The ogre hits you with a +0 giant club!!
You die...

#........###...,,,,,,,,,,......##
##........##..#,,,,,,,,,,........
##........[..#*,,,,,,,,,,..#.....
#...........#*****,*,,,,,###.....
............# ***,,#*,,,##....
...........#######**#.#.,,,......
.................##...$.,,*.#.#.#
##...#...................,,,.....
##.##........##@###*,...,*,,....
##*#.....)...##O.#.....,,,,,...
#...##.#..........#*,*,,,>,,
*#..##...............,,,,,,,,
*#...#............#.#.,*,,,,,,
#.................#*#,,,,,,,,,
##..............#.#*,,,*,*,*,*
*..............##..#,,,,,,,,,,
**#.###)......##*....,,,,,,,,,


You could see an ogre.

Vanquished Creatures
  A water moccasin (Sewer)
  An ice beast (D:3)
  A scorpion (D:4)
  A hound (D:4)
  7 gnolls
  A worm (D:2)
  4 dart slugs
  5 orcs (D:3)
  3 bats
  6 endoplasms
  12 giant cockroaches
  13 goblins
  10 hobgoblins
  9 jackals
  3 quokkas
  6 ball pythons
  4 frilled lizards
  10 kobolds
  12 rats
109 creatures vanquished.

Vanquished Creatures (collateral kills)
  2 gnolls (D:4)
  A goblin (D:4)
3 creatures vanquished.

Grand Total: 112 creatures vanquished

Notes
Turn   | Place    | Note
-------+----------+-------------------------------------------
     0 | D:1      | bande the Gargoyle Fighter began the quest for the Orb.
     0 | D:1      | Reached XP level 1. HP: 14/14 MP: 1/1
   180 | D:1      | Reached XP level 2. HP: 19/19 MP: 2/2
   343 | D:1      | Reached skill level 2 in Axes
   466 | D:1      | Reached XP level 3. HP: 24/24 MP: 3/3
   704 | D:1      | Found Rous's Book Shop.
  1175 | D:1      | Found a faded altar of an unknown god.
  1695 | D:2      | Reached XP level 4. HP: 29/29 MP: 4/4
  1714 | D:2      | Found a glowing golden altar of the Shining One.
  2269 | D:3      | Reached skill level 3 in Axes
  2450 | D:3      | Found a glowing drain.
  2484 | Sewer    | Entered a sewer
  2574 | Sewer    | Noticed a water moccasin
  2588 | Sewer    | Killed a water moccasin
  2589 | Sewer    | Reached XP level 5. HP: 18/33 MP: 5/5
  3046 | D:3      | Reached skill level 4 in Axes
  3257 | D:3      | Noticed an ice beast
  3267 | D:3      | Killed an ice beast
  3268 | D:3      | Reached XP level 6. HP: 26/39 MP: 6/6
  3472 | D:3      | Found a stormy altar of Qazlal.
  3555 | D:3      | Noticed a shadow
  3556 | D:3      | Found a shadowy altar of Dithmenos.
  3558 | D:3      | Found a hazy altar of Hepliaklqana.
  4565 | D:4      | Reached XP level 7. HP: 31/44 MP: 7/7
  4716 | D:4      | Reached skill level 5 in Axes
  4867 | D:4      | Slain by an ogre

Illustrated notes

Levels and vault maps discovered:
D:1:      dpeg_arrival_arbitrary_a, layout_basic, serial_shops,
          nicolae_shop_waterfront, hellmonk_ecumenical_altar_heavens_door
D:2:      layout_rooms, basic_altar
D:3:      minmay_razor_zed, layout_loops_corners, grunt_qazlal_sundering,
          riverfiend_overflow_shadow_ancestor, gup_sewer_entry_glass,
          kennysheep_donut
D:4:      layout_cave_pools, minmay_temple_entry_glass, minivault_19

Skill      XL: |  1  2  3  4  5  6  7 |
---------------+----------------------+-----
Axes           | 2 3 4 5 |  5.1
Fighting       | 4 |  4.5
Armour         | 4 |  4.9
Shields        | 4 |  4.2

Action                   |  1- 3 |  4- 6 |  7- 9 || total
-------------------------+-------+-------+-------++-------
Melee: War axe           |   122 |   150 |    11 ||   283
  Use: Scroll            |     3 |     2 |     4 ||     9
Armor: Scale mail        |    83 |    72 |     4 ||   159
Dodge: Dodged            |    63 |    72 |     5 ||   140
Block: Buckler           |    37 |    37 |     3 ||    77

Table legend: (Time is in decaauts)
 A = Elapsed time spent in this place.
 B = Non-inter-level travel time spent in this place.
 C = Inter-level travel time spent in this place.
 D = Time resting spent in this place.
 E = Time spent auto-exploring this place.
 F = Levels seen in this place.
 G = Mean time per level.
                   A        B        C        D        E       F      G
               +--------+--------+--------+--------+--------+-----+--------+
         Total |   4979 |   4896 |     83 |   1039 |   3006 |   5 |  995.8 |
       Dungeon |   4470 |   4387 |     83 |    706 |   2883 |   4 | 1117.5 |
         Sewer |    509 |    509 |      0 |    333 |    122 |   1 |  509.0 |
               +--------+--------+--------+--------+--------+-----+--------+

Top non-repeatable levels by time:
     D:3: 1977 daAuts
     D:1: 1550 daAuts
     D:2: 624 daAuts
   Sewer: 509 daAuts
     D:4: 317 daAuts
